Map: Mist Opportunities

Players

LilArrin

  • Race: Terran Terran
  • Spawn Location: 6:00

LilArrin

  • Race: Protoss Protoss
  • Spawn Location: 5:00

VOD

Have the link to the VOD?

Description

Time

  • Played on: Sept. 21, 2017, 1:06 a.m.
  • Length: 30:08
Show
View Real Time Build Order
Export as new Build Order

LilArrin Terran 

Build Orders:  

Get SALT Encoding   

  12  0:03  SCV  
  13  0:20  SCV  
  14  0:37  SCV  
  14  0:38  Supply Depot  
  15  0:54  SCV  
  16  1:10  SCV  
  17  1:24  Command Center  
  17  1:28  SCV  
  18  1:45  SCV  
  18  1:48  Barracks  
  19  2:02  SCV  
  20  2:21  Orbital Command  
  20  2:47  Command Center  
  20  2:57  SCV  
  21  3:05  Orbital Command  
  21  3:12  Refinery  
  21  3:14  SCV  
  22  3:21  Refinery  
  22  3:31  SCV  
  23  3:41  SCV  
  23  3:44  Combat Shields  
  24  3:50  SCV  
  24  3:58  Command Center  
  25  4:01  Barracks Tech Lab  
  25  4:03  SCV  
  26  4:12  SCV  
  27  4:20  Barracks  
  27  4:29  Orbital Command  
  27  4:32  Orbital Command  
  27  4:36  SCV  
  27  4:37  SCV  
  29  4:48  Barracks  
  29  5:00  Engineering Bay, Barracks Reactor  
  29  5:08  Factory  
  29  5:15  SCV x2  
  29  5:17  SCV  
  32  5:27  Barracks Reactor  
  32  5:32  SCV x2  
  34  5:44  Orbital Command, Terran Infantry Weapons Level 1  
  34  5:45  Marine  
  35  5:50  SCV  
  35  5:55  Marine  
  37  6:11  SCV  
  37  6:12  Factory Tech Lab  
  37  6:15  Marine x4, SCV  
  37  6:16  SCV  
  37  6:17  Marine  
  45  6:25  Marine x2  
  45  6:27  Medic, Supply Depot  
  45  6:28  Supply Depot, SCV  
  48  6:35  SCV  
  51  6:43  Vulture  
  51  6:47  Replenishable Magazine  
  53  6:52  SCV  
  53  6:53  Marine x2, SCV x2  
  53  6:59  Marine x2  
  58  7:04  Vulture  
  62  7:10  Marine x4  
  62  7:11  Marine  
  62  7:13  Supply Depot  
  62  7:14  Vulture  
  62  7:15  Supply Depot  
  69  7:20  Marine x4  
  69  7:21  Medic  
  69  7:24  Vulture  
  77  7:30  Marine x3  
  77  7:31  Marine  
  77  7:33  Marine  
  77  7:34  Vulture  
  84  7:40  Marine  
  84  7:43  Medic  
  84  7:44  Marine x2  
  84  7:45  Vulture  
  84  7:47  Cerberus Mines  
  91  7:51  Marine x2  
  91  7:53  Supply Depot, Marine  
  91  7:54  Supply Depot  
  91  7:55  Vulture  
  96  8:03  Medic  
  96  8:04  Marine  
  96  8:05  Vulture, Marine x2  
  103  8:13  Medic  
  103  8:15  Vulture  
  103  8:16  Marine x3  
  108  8:24  Terran Infantry Armor Level 1  
  108  8:25  Vulture  
  106  8:36  Marine  
  105  8:49  Vulture  
  105  8:51  Marine  
  105  8:57  Missile Turret  
  105  8:59  Vulture  
  110  9:22  Marine x3  
  110  9:23  Medic  
  114  9:38  Vulture  
  109  9:44  Marine  
  109  9:45  Marine  
  109  9:47  Marine  
  109  9:48  Marine x2  
  109  9:49  Supply Depot  
  110  9:51  Supply Depot  
  110  9:55  Marine x2  
  110  9:58  Medic, Marine  
  114  10:06  Marine x2  
  114  10:07  Marine  
  114  10:09  Marauder  
  118  10:19  Marine  
  120  10:21  Marine x3  
  120  10:22  Marine  
  64  10:30  Marine  
  124  10:32  Marine x2  
  124  10:33  Marauder  
  124  10:46  Marine, Stabilizer Medpacks  
  123  10:50  Missile Turret  
  123  11:01  Marine x3  
  123  11:03  Marine  
  124  11:19  Missile Turret  
  124  11:20  Medic, Marine x3  
  128  11:31  Medic  
  128  11:38  Marine x2  
  128  11:39  Marine  
  129  11:43  Marine  
  132  11:50  Supply Depot  
  132  11:51  Marine x2, Missile Turret  
  132  11:53  Supply Depot  
  133  12:00  Marine x2  
  133  12:02  Marine x3  
  126  12:12  Medic  
  126  12:13  Marine  
  126  12:14  Marine  
  126  12:16  Marine x2  
  130  12:23  Medic  
  130  12:24  Marine x2  
  130  12:26  Marine x2  
  124  12:33  Marauder  
  124  12:34  Marine x2  
  124  12:36  Marine  
  124  12:37  Marine  
  130  12:45  Medic  
  130  12:49  Marine  
  78  12:50  Marine  
  132  12:51  Marine x2  
  132  12:56  Marine  
  137  13:00  Marine  
  137  13:03  Barracks  
  138  13:10  Factory Reactor  
  138  13:13  Marine x2  
  140  13:26  Marine x3  
  140  13:27  Marauder, Marine  
  144  13:36  Marine  
  139  13:41  Marine x3  
  139  13:42  Marine  
  139  13:44  Marine  
  139  13:46  Marine  
  131  13:51  Marine x2  
  131  13:52  Marine x2  
  131  13:55  Marine  
  131  13:56  Marine  
  130  14:01  Marine  
  130  14:02  Marine x3  
  130  14:05  Marine  
  130  14:07  Marine  
  136  14:12  Marine x2  
  136  14:13  Medic  
  136  14:15  Medic  
  87  14:20  Marine x2  
  140  14:22  Marine x2  
  140  14:23  Marauder  
  140  14:29  Marine  
  141  14:30  Marine  
  141  14:31  Marine  
  141  14:32  Marine x2  
  141  14:35  Marine  
  141  14:39  Marine  
  148  14:57  Marine x3, Supply Depot  
  148  14:58  Supply Depot  
  148  15:02  Marine x2  
  148  15:09  Marine x3  
  138  15:21  Marine x2  
  138  15:27  Marine x4  
  138  15:35  Marine x2  
  138  15:38  Marauder x2  
  138  15:39  Marine x2  
  138  15:45  Marine x2  
  138  15:49  Marine  
  138  15:50  Marine x2  
  138  15:52  Marine  
  138  15:56  Marine x2  
  138  15:59  Vulture  
  134  16:11  Marine x3  
  134  16:15  Vulture  
  139  16:24  Marine x3  
  139  16:25  Marine  
  143  16:34  Marine x3  
  146  16:41  Marine x3  
  146  16:44  Marine x3  
  152  16:51  Marine x2  
  152  16:55  Marauder  
  156  17:04  Command Center  
  156  17:24  Vulture  
  156  17:25  Marine x2  
  156  17:26  Marine x2  
  162  17:45  Command Center  
  162  18:08  Engineering Bay  
  162  18:09  Armory, Marine x2  
  162  18:10  Building Armor  
  164  18:35  Marine x2, Supply Depot  
  164  18:37  Supply Depot  
  164  18:38  Medic x2, Marine x2  
  166  18:42  Barracks x2  
  166  18:48  Medic  
  174  19:02  Orbital Command  
  170  19:26  Marine x2  
  170  19:27  Marine x4  
  173  19:34  Barracks Tech Lab  
  173  19:36  Barracks Reactor, Marine  
  173  19:37  Medic  
  177  19:48  Medic, Marine x2  
  178  19:54  Orbital Command  
  178  19:56  Terran Infantry Weapons Level 2, Terran Infantry Armor Level 2  
  182  20:12  Concussive Shells  
  182  20:17  Afterburners  
  182  20:25  Vulture x2  
  186  20:39  Marine  
  125  20:40  Marine x3  
  186  20:41  Medic x2  
  186  20:42  Medic  
  186  20:43  Marine  
  186  20:44  Marine  
  186  20:49  Marine  
  198  20:50  Marine  
  200  21:17  Terran Vehicle and Ship Weapons Level 1  
  200  22:54  Missile Turret  
  200  22:55  Missile Turret x3  
  200  22:56  Missile Turret  
  200  23:07  Terran Infantry Weapons Level 3  
  200  23:08  Terran Infantry Armor Level 3  
  200  23:24  Missile Turret  
  200  24:07  Missile Turret  
  200  24:14  Missile Turret  
  200  24:24  Missile Turret x2  
  200  24:40  Missile Turret  
  200  24:52  Missile Turret  
  200  24:58  Missile Turret  
  200  25:02  Terran Vehicle and Ship Weapons Level 2  
  200  25:08  Missile Turret  
  200  25:15  Marine x2  
  200  25:19  Missile Turret  
  200  25:20  Missile Turret  
  200  25:21  Missile Turret  
  200  25:26  Missile Turret  
  200  25:29  Missile Turret  
  200  25:31  Missile Turret  
  200  25:36  Missile Turret  
  200  25:49  Marine, Missile Turret  
  199  25:51  Missile Turret  
  199  25:57  Missile Turret  
  199  25:59  Missile Turret  
  200  26:07  Missile Turret  
  200  26:08  Marine  
  200  26:26  Missile Turret  
  200  26:38  Missile Turret  
  200  26:52  Missile Turret  
  200  27:19  Missile Turret  
  200  27:47  Missile Turret  
  200  28:13  Marine  
  200  28:14  Marine x3  
Show
View Real Time Build Order
Export as new Build Order

LilArrin Protoss 

Build Orders:  

Get SALT Encoding   

Tags
 
Add a new tag
Caveats
  • Supply blocks, unpowered buildings, or Contaminate may cause inaccurate times.
  • Supply counts are checked every 10 seconds.